 Dungeon Crawl Stone Soup version bcrawl-1.37.2 (webtiles) character file.

Game seed: 13264939221782286387

66569 FaviusArthum the Grave Robber (level 3, 0/24 HPs)
             Began as a Human Necromancer on Dec 19, 2022.
             Slain by a hobgoblin
             ... wielding a +0 club
              (3 damage)
             ... on level 1 of the Dungeon.
             The game lasted 00:06:51 (2107 turns).

FaviusArthum the Grave Robber (Human Necromancer)   Turns: 2107, Time: 00:06:52

Health: 0/24       AC:  2    Str:  8    XL:     3   Next: 22%
Magic:  2/6        EV:  6    Int: 16    God:
Gold:   35         SH:  6    Dex: 13    Spells: 5/6 levels left

rFire    . . .     GDR:     25% j - -1 club
rCold    . . .     SeeInvis .   h - +0 medium shield
rNeg     . . .     Gourm    .   b - +0 robe
rPois    .         Faith    .   (no helmet)
rElec    .         Spirit   .   (no cloak)
rCorr    .         Reflect  .   (no gloves)
MR       .....                  (no boots)
Stlth    ++........             (no amulet)
HPRegen  0.14/turn              (no ring)
MPRegen  0.10/turn              (no ring)

@: very slightly contaminated
A: no striking features
a: no special abilities


You were on level 1 of the Dungeon.
You were hungry.

You visited 1 branch of the dungeon, and saw 1 of its levels.

You collected 35 gold pieces.

Inventory:

Hand Weapons
 a - a +0 dagger of pain
 j - a -1 club (weapon)
Missiles
 c - 147 stones (quivered)
 g - 543 sling bullets
 l - 205 poisoned needles
Armour
 b - a +0 robe (worn)
 h - a +0 medium shield (worn)
 n - a +0 plate armour
Scrolls
 f - a scroll of amnesia {unknown}
 k - a scroll of fog {unknown}
 m - a scroll of blinking {unknown}
Potions
 d - a potion of heal wounds {unknown}
Comestibles
 e - 3 rations {!d}


   Skills:
 + Level 2.3 Dodging
 + Level 2.7 Stealth
 + Level 2.4 Spellcasting
 + Level 4.9 Necromancy


You had 5 spell levels left.
You knew the following spells:

 Your Spells              Type           Power        Failure   Level  Hunger
a - Necrotize             Necr           ###...       78%         1    None

Your spell library contained the following spells:

 Spells                   Type           Power        Failure   Level  Hunger
 Vampiric Draining        Necr           ###.......   98%         3    ####...
 Agony                    Necr           ###.....     100%        4    ######.
 Animate Dead             Necr           N/A          100%        4    ######.
 Dispel Undead            Necr           ###.....     100%        5    #######


Dungeon Overview and Level Annotations

Branches:
Dungeon (1/12)

Altars:


Message History

Your bat zombie hits the hobgoblin but does no damage.
Your bat zombie hits the hobgoblin but does no damage.
Your bat zombie closely misses the hobgoblin.
Your bat zombie closely misses the hobgoblin.
Your bat zombie barely misses the hobgoblin.
Your bat zombie barely misses the hobgoblin.
Your bat zombie misses the hobgoblin.
Your bat zombie closely misses the hobgoblin.
Your bat zombie hits the hobgoblin but does no damage. x2
The hobgoblin hits you with a +0 club.
* * * LOW HITPOINT WARNING * * *
Your bat zombie barely misses the hobgoblin.
Your bat zombie barely misses the hobgoblin.
You hit the hobgoblin.
The hobgoblin is lightly wounded.
Your bat zombie hits the hobgoblin but does no damage.
Your bat zombie hits the hobgoblin.
Your bat zombie barely misses the hobgoblin.
The hobgoblin hits you with a +0 club.
You die...

......##.#
#.###.......
......##.#
##..#####..♣[
......##.#
#.......##...
.........#
#...###..#...
.........#
########...####
#... ....####.#
#Z.Z...'...'..#
##.# ....# #.#
#.######...##.#.
#.# ....# #.#
#Z####
######.#..#'#
....# #.# #.g@.#
#Z##...Z ....#
#.# ####.#
#.#####. #####
#.# #.#.######
#.#####. #.#
#........#
#...Z..> ####.#
#.#.####.#
######## #....#
...#.# #.# #
#.#### ### #.#
#.# #.# ..# #.#
#.# ####### #.#


You could see a hobgoblin and a friendly bat zombie.

Vanquished Creatures
  An ooze (D:1)
  2 leopard geckos (D:1)
  A giant cockroach (D:1)
  2 hobgoblins (D:1)
  2 bats (D:1)
  A frilled lizard (D:1)
  A goblin (D:1)
  2 kobolds (D:1)
  4 rats (D:1)
16 creatures vanquished.

Vanquished Creatures (collateral kills)
  A dart slug (D:1)
  A bat (D:1)
  A kobold (D:1)
3 creatures vanquished.

Grand Total: 19 creatures vanquished

Notes
Turn   | Place    | Note
-------+----------+-------------------------------------------
     0 | D:1      | FaviusArthum the Human Necromancer began the quest for the
                  | Orb.
     0 | D:1      | Reached XP level 1. HP: 13/13 MP: 3/3
  1254 | D:1      | Reached XP level 2. HP: 18/19 MP: 3/5
  1525 | D:1      | Reached XP level 3. HP: 21/24 MP: 2/6
  2107 | D:1      | Slain by a hobgoblin

Action                   || total
-------------------------++-------
Melee: Dagger            ||    23
       Club              ||     9
 Cast: Necrotize         ||    18
  Use: Scroll            ||     2
  Eat: Ration            ||     1
Armor: Robe              ||    14
Dodge: Dodged            ||    25
Block: Medium shield     ||    17
